 Dungeon Crawl Stone Soup version 0.29.1-12-g30fa7ad0bf (webtiles) character file.

Game seed: 8194955171848213017

466 KittyFluff the Cudgeller (level 7, -5/66 HPs)
             Began as a Gargoyle Berserker on Jan 16, 2023.
             Was a Believer of Trog.
             Slain by an ice beast (10 damage)
             ... on level 7 of the Dungeon.
             The game lasted 00:18:44 (5271 turns).

KittyFluff the Cudgeller (Gargoyle Berserker)       Turns: 5271, Time: 00:18:44

Health: -5/66      AC: 10    Str: 21    XL:     7   Next: 8%
Magic:  7/7        EV: 11    Int:  7    God:    Trog [**....]
Gold:   209        SH:  4    Dex: 11    Spells: 6/6 levels left

rFire   . . .      SeeInvis .   a - +0 mace
rCold   . . .      Faith    .   v - +0 buckler
rNeg    + . .      Spirit   .   C - +0 leather armour
rPois   ∞          Reflect  .   k - +0 helmet
rElec   +          Harm     .   w - +0 cloak
rCorr   .          Rampage  .   (no gloves)
Will    .....                   (no boots)
Stlth   ..........              (no amulet)
HPRegen 0.21/turn               (no ring)
MPRegen 0.10/turn               (no ring)

@: berserking, very quick
A: sickness immunity, AC +4, negative energy resistance 1, electricity
resistance, torment resistance 1, petrification resistance
a: Renounce Religion, Berserk, Trog's Hand


You were on level 7 of the Dungeon.
You worshipped Trog.
Trog was pleased with you.
You visited 1 branch of the dungeon, and saw 5 of its levels.

You collected 209 gold pieces.

Inventory:

Hand Weapons
 a - a +0 mace (weapon)
 i - a +1 sling of flaming
 r - a +1 spear of freezing
Missiles
 e - 60 stones (quivered)
 u - 6 poisoned darts
 G - 6 javelins
Armour
 c - a +0 kite shield
 d - a +0 scale mail
 g - a scarf of harm
 k - a +0 helmet (worn)
 n - a +0 chain mail
 v - a +0 buckler (worn)
 w - a +0 cloak (worn)
 y - a +0 ring mail
 C - a +0 leather armour (worn)
Wands
 q - a wand of flame (8)
 E - a wand of iceblast (12)
Scrolls
 h - 2 scrolls of torment {unknown}
 j - a scroll of teleportation {unknown}
 l - 2 scrolls of vulnerability {unknown}
 o - a scroll of noise {unknown}
 t - a scroll of fear {unknown}
 x - 2 scrolls of identify {unknown}
 B - 2 scrolls of blinking {unknown}
Potions
 b - a potion of lignification {unknown}
 f - 2 potions of brilliance {unknown}
 m - 2 potions of heal wounds {unknown}
 p - a potion of flight {unknown}
 s - a potion of attraction {unknown}
 z - 2 potions of haste {unknown}
 A - a potion of ambrosia {unknown}
 D - a potion of might {unknown}
 F - 2 potions of curing {unknown}


   Skills:
 + Level 4.3 Fighting
 * Level 4.8 Maces & Flails
 * Level 4.7 Armour
 + Level 2.6 Dodging
 + Level 2.5 Shields


You had 6 spell levels left.
You didn't know any spells.
Your spell library was empty.

Dungeon Overview and Level Annotations

Branches:
Dungeon (4/15)             Temple (0/1) D:4

Altars:
Dithmenos
Hepliaklqana
Uskayaw


Innate Abilities, Weirdness & Mutations

You are immune to sickness and miasma.
Your stone body is resilient. (AC +4)
You are immune to poison.
You resist negative energy. (rN+)
You are resistant to electric shocks. (rElec)
You are resistant to unholy torment.
You are immune to petrification.


Message History

The ice beast is severely wounded.
The ice beast misses you.
The ice beast hits you but does no damage.
You barely miss the ice beast.
The ice beast is severely wounded.
The ice beast hits you but does no damage.
You hit the ice beast but do no damage.
The ice beast is severely wounded.
You block the ice beast's attack.
You hit the ice beast but do no damage.
The ice beast is severely wounded.
The ice beast misses you.
You hit the ice beast.
The ice beast is almost dead.
The ice beast completely misses you.
You hit the ice beast but do no damage.
The ice beast is almost dead.
The ice beast hits you. The ice beast freezes you!
You hit the ice beast.
The ice beast is almost dead.
You block the ice beast's attack. The ice beast barely misses you.
You closely miss the ice beast.
The ice beast is almost dead.
You block the ice beast's attack.
You barely miss the ice beast.
The ice beast is almost dead.
The ice beast hits you. The ice beast freezes you!
* * * LOW HITPOINT WARNING * * *
A red film seems to cover your vision as you go berserk!
You feel yourself moving faster!
You feel mighty!
The ice beast hits you but does no damage.
You closely miss the ice beast.
The ice beast is almost dead.
The ice beast barely misses you.
You barely miss the ice beast.
The ice beast is almost dead.
The ice beast hits you.
* * * LOW HITPOINT WARNING * * *
The ice beast freezes you!
You die... # #############.... #........@Y...# #.############# #. ##

You could see an ice beast.

Vanquished Creatures
  A black bear (D:4)
  A bullfrog (D:4)
  A scorpion (D:3)
  A hound (D:4)
  An orc priest (D:3)
  An orc wizard (D:3)
  An iguana (D:4)
  Robin (D:2)
  4 adders
  2 worms
  A dart slug (D:4)
  6 orcs
  3 bats
  6 endoplasms
  3 giant cockroaches
  12 goblins
  8 hobgoblins
  4 jackals (D:4)
  4 quokkas
  2 ball pythons
  7 frilled lizards
  7 kobolds
  6 rats
83 creatures vanquished.

Vanquished Creatures (others)
  5 plants (D:3)
5 creatures vanquished.

Grand Total: 88 creatures vanquished

Notes
Turn   | Place    | Note
-------+----------+-------------------------------------------
     0 | D:1      | KittyFluff the Gargoyle Berserker began the quest for the
                  | Orb.
     0 | D:1      | Reached XP level 1. HP: 14/14 MP: 1/1
   204 | D:1      | Reached XP level 2. HP: 10/19 MP: 2/2
  1140 | D:2      | Found a faded altar of an unknown god.
  1148 | D:2      | Reached XP level 3. HP: 23/23 MP: 3/3
  1519 | D:2      | Reached ** piety under Trog
  1837 | D:2      | Noticed Robin
  1873 | D:2      | Killed Robin
  2266 | D:2      | Reached XP level 4. HP: 28/28 MP: 4/4
  2379 | D:2      | Reached skill level 1 in Shields
  2891 | D:3      | Found a hide-covered altar of Uskayaw.
  3096 | D:3      | Noticed a scorpion
  3102 | D:3      | Killed a scorpion
  3103 | D:3      | Reached XP level 5. HP: 33/33 MP: 5/5
  3698 | D:3      | Found a hazy altar of Hepliaklqana.
  3858 | D:4      | Reached XP level 6. HP: 29/38 MP: 6/6
  3871 | D:4      | Noticed a black bear
  3891 | D:4      | Killed a black bear
  4075 | D:4      | Found a staircase to the Ecumenical Temple.
  4462 | D:4      | Found a shadowy altar of Dithmenos.
  4749 | D:4      | Reached XP level 7. HP: 7/44 MP: 7/7
  5242 | D:4      | You fall into a shaft and drop 3 floors!
  5271 | D:7      | Slain by an ice beast

Illustrated notes

Levels and vault maps discovered:
D:1:      lightli_arrival_statue_moat, layout_basic
D:2:      layout_basic, ebering_ecumenical_altar_webs, uniq_robin
D:3:      layout_basic, nicolae_overflow_crystal_walls,
          nzn_hepliaklqana_mist_gate, serial_bayou_lagoon_b
D:4:      layout_basic, mainiacjoe_overflow_surrounded_room,
          nicolae_dithmenos_the_darkroom, minmay_temple_entry_large_hall
D:7:      layout_rooms

Skill      XL: |  1  2  3  4  5 |
---------------+----------------+-----
Armour         | 3 4 |  4.7
Shields        | 1 2 |  2.5
Dodging        | 2 |  2.6
Maces & Flails | 4 |  4.8
Fighting       | 4 |  4.3

Action                   |  1- 3 |  4- 6 |  7- 9 || total
-------------------------+-------+-------+-------++-------
Melee: Mace              |   114 |   173 |    20 ||   307
       Punch             |     1 |       |       ||     1
Invok: Berserk           |     1 |     3 |     1 ||     5
Armor: Animal skin       |    57 |    19 |       ||    76
       Leather armour    |       |    66 |     7 ||    73
Dodge: Dodged            |    81 |   104 |     7 ||   192
Block: Buckler           |       |    28 |     5 ||    33
